 Dungeon Crawl Stone Soup version 0.29.1-14-g9c671dbff4 (webtiles) character file.

Game seed: 7453253532978371233

284 hawla the Firebug (level 6, -2/46 HPs)
             Began as a Meteoran Fire Elementalist on Feb 15, 2023.
             Slain by an ufetubus (3 damage)
             ... summoned by Eustachio
             ... on level 4 of the Dungeon on Feb 17, 2023.
             The game lasted 00:04:40 (807 turns).

hawla the Firebug (Meteoran Fire Elementalist)       Turns: 807, Time: 00:04:40

Health: -2/46      AC:  2    Str:  8 (10) XL:     6   Next: 86%
Magic:  1/13       EV: 13    Int: 17 (18) God:
Gold:   145        SH:  0    Dex: 13 (15) Spells: 6/13 levels left

rFire   . . .      SeeInvis .   (no weapon)
rCold   . . .      Faith    .   (no shield)
rNeg    . . .      Spirit   .   a - +0 robe
rPois   .          Reflect  .   (no helmet)
rElec   .          Harm     .   (no cloak)
rCorr   .          Rampage  .   (no gloves)
Will    .....                   (no boots)
Stlth   +.........              (no amulet)
HPRegen 0.15/turn               (no ring)
MPRegen 0.13/turn               (no ring)

@: glowing
A: sense surroundings 1, otherworldly, glowing, explore regen
a: no special abilities


You were on level 4 of the Dungeon.
You visited 1 branch of the dungeon, and saw 4 of its levels.

You collected 145 gold pieces.

Inventory:

Armour
 a - a +0 robe (worn)
Jewellery
 e - a ring of fire
Scrolls
 b - 2 scrolls of enchant armour {unknown}
 c - a scroll of fear {unknown}
 d - a scroll of teleportation {unknown}
 f - a scroll of silence {unknown}
 g - a scroll of amnesia {unknown}
 i - 2 scrolls of identify {unknown}
 j - a scroll of acquirement {unknown}


   Skills:
 - Level 0.4 Fighting
 - Level 3.2 Dodging
 - Level 1.4 Stealth
 - Level 4.4 Spellcasting
 + Level 4.6 Conjurations
 - Level 5.2 Fire Magic


You had 6 spell levels left.
You knew the following spells:

 Your Spells              Type           Power      Damage    Failure   Level
a - Foxfire               Conj/Fire      80%        2x1d8     1%          1
b - Scorch                Fire           42%        2d7       2%          2
c - Flame Wave            Conj/Fire      20%        2d7       21%         4

Your spell library contained the following spells:

 Spells                   Type           Power      Damage    Failure   Level
 Conjure Flame            Conj/Fire      20%        6-21      6%          3
 Inner Flame              Hex/Fire       12%        N/A       16%         3


Dungeon Overview and Level Annotations

Branches:
Dungeon (4/15) Zot: 1592
 Temple: D:4-7

Altars:

Annotations:
D:4 Eustachio


Innate Abilities, Weirdness & Mutations

You passively map a small area around you.
You are easily found by Zot.
You glow in the dark.
You regain HP and MP as you explore.


Message History

Eustachio mumbles some strange words.
Eustachio blinks!
The ufetubus barely misses you. The ufetubus closely misses you.
It was a potion of curing.
You feel better.
The ufetubus is no longer more vulnerable to fire.
The quasit bites you. The quasit claws you.
The quasit claws you but does no damage.
Eustachio casts a spell.
The ufetubus completely misses you. The ufetubus closely misses you.
It was a potion of degeneration.
There was something very wrong with that liquid.
You feel weakened.
You feel dopey.
You feel clumsy. The quasit bites you.
You feel clumsy. The quasit closely misses you. The quasit barely misses you.
The ufetubus barely misses you. The ufetubus hits you. The quasit misses you.
The quasit claws you. The quasit closely misses you. The ufetubus hits you.
The ufetubus hits you but does no damage.
The ufetubus attacks as you move away! The ufetubus hits you.
* * * LOW HITPOINT WARNING * * *
The ufetubus misses you. The bat hits you but does no damage.
Eustachio gestures wildly while chanting.
The ufetubus attacks as you move away! The ufetubus hits you.
* * * LOW HITPOINT WARNING * * *
The ufetubus hits you.
* * * LOW HITPOINT WARNING * * *
The bat closely misses you. The bat completely misses you.
The ufetubus closely misses you. The ufetubus barely misses you.
The bat attacks as you move away! The bat misses you.
The ufetubus attacks as you move away!
The ufetubus hits you but does no damage.
The ufetubus completely misses you. The bat hits you.
* * * LOW HITPOINT WARNING * * *
Eustachio gestures wildly while chanting.
Eustachio blinks!
The rat bites you.
* * * LOW HITPOINT WARNING * * *
The bat hits you but does no damage. The ufetubus hits you.
* * * LOW HITPOINT WARNING * * *
The ufetubus hits you.
You die...

#...#....##...##.....+........#..
#...#....#######.....#.......##..
#...#..........#.....#.......##..
#...#..........'....##.......##..
#...#..........#....###########..
#...#..........#.............#...
#...#....##...##.............##..
#...#....##...##.............##..
#...#....+....#b@.@.##.......##..
#...#....#....#.55..###########..
#...##+#
##...#.r.ยง..........#... ##### ,
#...##....##.......#...
#...##'#####.......#... , ,
,#)..##....##....#####.. ,
#....##....##.##.. ,
*.....#.....#......
*.....#.....#......


You could see Eustachio (combustible), a quasit (summoned), an ufetubus
(summoned), a bat (summoned) and a rat (summoned).

Vanquished Creatures
  Menkaure (D:4)
  A phantom (D:4)
  3 gnolls (D:4)
  3 adders
  A worm (D:3)
  2 dart slugs
  An orc (D:4)
  2 bats (D:1)
  2 endoplasms
  A giant cockroach (D:2)
  A hobgoblin (D:1)
  2 quokkas (D:4)
  4 ball pythons
  A frilled lizard (D:3)
  2 goblins (D:4)
  2 kobolds
  2 rats
31 creatures vanquished.

Vanquished Creatures (others)
  72 foxfires
72 creatures vanquished.

Grand Total: 103 creatures vanquished

Notes
Turn   | Place    | Note
-------+----------+-------------------------------------------
     0 | D:1      | hawla the Meteoran Fire Elementalist began the quest for
                  | the Orb.
     0 | D:1      | Reached XP level 1. HP: 14/14 MP: 5/5
    49 | D:1      | Reached XP level 2. HP: 20/20 MP: 3/6
    50 | D:1      | Reached skill level 4 in Fire Magic
   173 | D:3      | Reached XP level 3. HP: 7/26 MP: 4/8
   176 | D:3      | Learned a level 2 spell: Scorch
   228 | D:3      | Noticed an ogre
   237 | D:4      | Noticed Menkaure
   245 | D:4      | Killed Menkaure
   246 | D:4      | Reached skill level 5 in Fire Magic
   246 | D:4      | Reached XP level 4. HP: 18/34 MP: 0/11
   246 | D:4      | Reached XP level 5. HP: 21/39 MP: 0/12
   246 | D:4      | Reached XP level 6. HP: 25/46 MP: 0/13
   251 | D:4      | Learned a level 4 spell: Flame Wave
   792 | D:4      | Noticed Eustachio
   807 | D:4      | HP: 1/46 [ufetubus[Eustachio] (3)]
   807 | D:4      | Slain by an ufetubus

Illustrated notes

Levels and vault maps discovered:
D:1:      psy_arrival_radial01, layout_basic,
          shapermc_ecumenical_altar_mp_vishouse, hex_medium
D:2:      layout_basic, uniq_terence
D:3:      layout_rooms, grunt_ministairs_8, minmay_joined_circles
D:4:      layout_gridville, uniq_eustachio, uniq_menkaure

Skill      XL: |  1  2  3  4  5  6 |
---------------+-------------------+-----
Fire Magic     | 4 5 |  5.2
Spellcasting   | 3 4 |  4.4
Dodging        | 3 |  3.2
Conjurations   | 2 4 |  4.6
Fighting       | |  0.4
Stealth        | |  1.4

Action                   |  1- 3 |  4- 6 || total
-------------------------+-------+-------++-------
Melee: Unarmed           |    23 |     3 ||    26
 Cast: Foxfire           |    31 |    12 ||    43
       Scorch            |     4 |     8 ||    12
       Flame Wave        |       |     3 ||     3
  Use: Potion            |     1 |     3 ||     4
Armor: Robe              |     5 |     7 ||    12
Dodge: Dodged            |    27 |    32 ||    59
